 Dungeon Crawl Stone Soup version 0.26-b1-32-g5d43845318 (webtiles) character file.

Game seed: 17829799619665690698

256 Dirian the Covered (level 5, -9/47 HPs)
             Began as a Minotaur Fighter on Jan 6, 2021.
             Mangled by xxadam's ghost (13 damage)
             ... on level 3 of the Dungeon.
             The game lasted 00:03:59 (3347 turns).

Dirian the Covered (Minotaur Fighter)               Turns: 3347, Time: 00:04:00

Health: -9/47      AC: 13    Str: 21    XL:     5   Next: 92%
Magic:  4/4        EV:  5    Int:  5    God:
Gold:   175        SH:  9    Dex: 10    Spells: 4/4 levels left

rFire    . . .     SeeInvis .   a - +1 long sword
rCold    . . .     Faith    .   c - +0 kite shield
rNeg     . . .     Spirit   .   n - +0 chain mail
rPois    .         Reflect  .   (helmet restricted)
rElec    .         Harm     .   f - +2 cloak
rCorr    +         Rampage  .   (no gloves)
Will     .....                  (no boots)
Stlth    ..........             (no amulet)
HPRegen  0.15/turn              d - ring of resist corrosion
MPRegen  0.09/turn              (no ring)

@: hasted, very quick
A: retaliatory headbutt, horns 2
a: no special abilities


You were on level 3 of the Dungeon.
You visited 1 branch of the dungeon, and saw 3 of its levels.

You collected 175 gold pieces.

Inventory:

Hand Weapons
 a - a +1 long sword (weapon)
Armour
 b - a +0 scale mail
 c - a +0 kite shield (worn)
 f - a +2 cloak (worn)
 n - a +0 chain mail (worn)
Jewellery
 d - a ring of resist corrosion (left hand)
Wands
 l - a wand of polymorph (10)
Scrolls
 e - 2 scrolls of enchant weapon
 g - a scroll of magic mapping
 r - a scroll of identify
Potions
 j - 2 potions of flight
 k - a potion of lignification
 q - 2 potions of curing


   Skills:
 + Level 4.8 Fighting
 + Level 4.9 Long Blades
 + Level 5.2 Armour
 + Level 4.5 Shields


You had 4 spell levels left.
You didn't know any spells.
Your spell library was empty.

Dungeon Overview and Level Annotations

Branches:
Dungeon (3/15)

Altars:

Annotations:
D:3 Gauvater's ghost, amateur KoHu; xxadam's ghost, amateur TrBe


Innate Abilities, Weirdness & Mutations

You reflexively headbutt those who attack you in melee.
You have a pair of horns on your head.


Message History

Xxadam's ghost is lightly damaged.
You hit xxadam's ghost but do no damage.
Xxadam's ghost is lightly damaged.
Xxadam's ghost hits you.
You slash xxadam's ghost! Your headbutt misses xxadam's ghost.
Xxadam's ghost is heavily damaged.
Xxadam's ghost hits you!
* * * LOW HITPOINT WARNING * * *
You hit xxadam's ghost.
Xxadam's ghost is heavily damaged.
Xxadam's ghost hits you!
* * * LOW HITPOINT WARNING * * *
You hit xxadam's ghost but do no damage.
You headbutt xxadam's ghost.
Xxadam's ghost is heavily damaged.
You block xxadam's ghost's attack.
You slash xxadam's ghost!
Xxadam's ghost is severely damaged.
Xxadam's ghost hits you!
You die...

.........# #.##.# .#..##.###
#.##.# ....##.# #.##.# .#.###.#
#.##.# .#.# #.# #.##.# .#.###.#
#.##.# .......# #######.##.#
.......####*#########.......##.##
......##(♣⌠♣#.WW@................
.######8....#.###.###.##.....#.##
.# *$.....#....#.#...........# .#
*♣.....'...###...##.....### .##
*⌠.....'....#.#..##....## ..#
*♣.....'.........##.#.## ..##
*?.....#.....###.##.#.#
...####8....#.....##.....#.#
..#.#.##!♣⌠♣#........#.....#


You could see Gauvater's ghost and xxadam's ghost.

Vanquished Creatures
  An orc priest (D:3)
  Crazy Yiuf (D:3)
  Jessica (D:3)
  2 orc wizards (D:3)
  3 gnolls (D:3)
  2 adders
  An ooze (D:2)
  An adder skeleton (D:2)
  2 worms
  A dart slug (D:2)
  A leopard gecko (D:2)
  7 orcs (D:3)
  A giant cockroach (D:3)
  6 goblins
  6 hobgoblins
  5 kobolds
  4 ball pythons
  6 bats
  4 frilled lizards
  6 rats
61 creatures vanquished.

Notes
Turn   | Place    | Note
-------+----------+-------------------------------------------
     0 | D:1      | Dirian the Minotaur Fighter began the quest for the Orb.
     0 | D:1      | Reached XP level 1. HP: 19/19 MP: 0/0
   236 | D:1      | Reached XP level 2. HP: 27/27 MP: 1/1
   912 | D:2      | Reached skill level 4 in Armour
  1009 | D:2      | Reached XP level 3. HP: 20/33 MP: 2/2
  1835 | D:3      | Reached XP level 4. HP: 14/41 MP: 3/3
  1848 | D:3      | Reached XP level 5. HP: 12/47 MP: 4/4
  1849 | D:3      | Reached skill level 5 in Armour
  2213 | D:3      | Found a runed translucent gate.
  2214 | D:3      | Found a runed translucent gate.
  2215 | D:3      | Found a runed translucent gate.
  2216 | D:3      | Noticed Gauvater's ghost (amateur KoHu)
  2216 | D:3      | Noticed xxadam's ghost (amateur TrBe)
  2378 | D:3      | Noticed Jessica
  2382 | D:3      | Killed Jessica
  2811 | D:3      | Found a runed translucent door.
  2812 | D:3      | Noticed Crazy Yiuf
  2931 | D:3      | Killed Crazy Yiuf
  2941 | D:3      | HP: 2/47 [poisoned by Crazy Yiuf]
  3347 | D:3      | Mangled by xxadam's ghost

Illustrated notes

Levels and vault maps discovered:
D:1:      co_arrival_random_square_maze, layout_basic
D:2:      layout_basic, columned_hall_lemuel
D:3:      layout_loops_ring, gammafunk_ghost_cemetery, uniq_jessica,
          uniq_crazy_yiuf_cottage

Skill      XL: |  1  2  3  4  5 |
---------------+----------------+-----
Fighting       | 4 |  4.8
Armour         | 4 5 |  5.2
Shields        | 4 |  4.5
Long Blades    | 3 4 |  4.9

Action                   |  1- 3 |  4- 6 || total
-------------------------+-------+-------++-------
Melee: Long sword        |    76 |    75 ||   151
       Headbutt          |    11 |    10 ||    21
  Use: Potion            |     1 |     1 ||     2
       Scroll            |       |     9 ||     9
Armor: Scale mail        |    34 |    22 ||    56
       Chain mail        |       |     3 ||     3
Dodge: Dodged            |    23 |    16 ||    39
Block: Kite shield       |    26 |    44 ||    70
       Rpst.: Long sword |     4 |     8 ||    12
